 Dungeon Crawl Stone Soup version 0.29.1-12-g30fa7ad0bf (webtiles) character file.

Game seed: 17995414644969974783

3383 xian the Basher (level 9, 0/88 HPs)
             Began as a Troll Delver on Dec 16, 2022.
             Was an Elder of Okawaru.
             Succumbed to a killer bee's poison
             ... on level 10 of the Dungeon.
             The game lasted 00:21:21 (6402 turns).

xian the Basher (Troll Delver)                      Turns: 6402, Time: 00:21:21

Health: 0/88       AC: 11    Str: 26    XL:     9   Next: 74%
Magic:  8/8        EV: 11    Int:  6    God:    Okawaru [****..]
Gold:   100        SH:  0    Dex:  9    Spells: 8/8 levels left

rFire   + + .      SeeInvis .   f - +1 flail (venom)
rCold   + . .      Faith    .   (no shield)
rNeg    . . .      Spirit   +   b - +1 robe {Will+}
rPois   .          Reflect  .   p - +0 hat
rElec   .          Harm     .   G - +2 cloak "Ugudghun" {rC+}
rCorr   .          Rampage  .   (gloves unavailable)
Will    +....                   (boots unavailable)
Stlth   ++........              t - amulet of guardian spirit
HPRegen 1.04/turn               i - +4 ring of protection
MPRegen 0.11/turn               q - ring of protection from fire

@: lethally poisoned (0 -> -2), flying
A: large, unfitting armour, claws 3, regeneration 1, shaggy fur 1, tough skin 1,
clumsy 1, deformed body, fire resistance 1
a: Renounce Religion, Heroism, Finesse


You were on level 10 of the Dungeon.
You worshipped Okawaru.
Okawaru was greatly pleased with you.
You visited 2 branches of the dungeon, and saw 10 of its levels.

You collected 417 gold pieces.
You spent 317 gold pieces at shops.

Inventory:

Hand Weapons
 f - a +1 flail of venom (weapon)
 C - a +0 giant spiked club
Missiles
 e - 10 boomerangs
 s - 2 javelins
 v - 15 stones
 y - 8 poisoned darts (quivered)
Armour
 b - a +1 robe of willpower (worn)
 p - a +0 hat (worn)
 B - a scarf of repulsion
 G - the +2 cloak "Ugudghun" (worn) {rC+}
   (You bought it in a shop on level 6 of the Dungeon)

   rC:        It protects you from cold.
Jewellery
 h - a ring of ice
 i - a +4 ring of protection (left claw)
 q - a ring of protection from fire (right claw)
 t - an amulet of guardian spirit (around neck)
Wands
 g - a wand of digging (3)
 H - a wand of iceblast (10)
 I - a wand of paralysis (2)
 J - a wand of mindburst (14)
Scrolls
 c - a scroll of fog
 d - 2 scrolls of magic mapping
 m - 2 scrolls of immolation {unknown}
 n - a scroll of enchant armour
 r - 3 scrolls of teleportation
 x - 2 scrolls of amnesia {unknown}
 D - a scroll of poison
Potions
 a - a potion of flight
 j - a potion of ambrosia {unknown}
 k - a potion of invisibility {unknown}
 l - a potion of might
 o - 2 potions of magic
 u - a potion of mutation
 z - 2 potions of attraction {unknown}
 A - a potion of resistance {unknown}
 E - a potion of lignification


   Skills:
 + Level 5.4 Fighting
 + Level 8.3 Maces & Flails
 + Level 3.7 Throwing
 + Level 5.7 Dodging
 + Level 3.7 Stealth
 + Level 0.7 Invocations


You had 8 spell levels left.
You didn't know any spells.
Your spell library contained the following spells:

 Spells                   Type           Power      Damage    Failure   Level
 Blade Hands              Tmut           0%         N/A       100%        5
 Fireball                 Conj/Fire      0%         3d3       100%        5
 Eringya's Noxious Bog    Tmut/Pois      0%         N/A       100%        6
 Iron Shot                Conj/Erth      0%         9d1       100%        6
 Starburst                Conj/Fire      0%         6d3       100%        6
 Ignition                 Fire           0%         3d3       100%        8
 Animate Armour           Summ/Erth      Unusable   N/A       N/A         4
 Summon Forest            Summ/Tloc      Unusable   N/A       N/A         5
 Summon Hydra             Summ           Unusable   N/A       N/A         7

Dungeon Overview and Level Annotations

Branches:
Dungeon (8/15)             Temple (1/1) D:4
   Lair: D:8-11

Altars:
Elyvilon
Gozag
Hepliaklqana
Makhleb
Nemelex Xobeh
Okawaru
Qazlal
Ru
Vehumet
Zin

Shops:
D:6 [   D:7 ?


Innate Abilities, Weirdness & Mutations

You are too large for most types of armour.
You have claws for hands.
Your natural rate of healing is unusually fast.
You are covered in fur. (AC +1)
You have tough skin. (AC +1)
You are clumsy. (Dex -2)
Armour fits poorly on your strangely shaped body.
Your flesh is heat resistant. (rF+)


Message History

The killer bee completely misses you. The killer bee barely misses you.
The killer bee stings you but does no damage.
The killer bee barely misses you. x2; The killer bee stings you. x3
You open the door.
You feel very sick.
The killer bee stings you but does no damage. x3
The killer bee barely misses you. The killer bee closely misses you. x2
The killer bee stings you!
* * * LOW HITPOINT WARNING * * *
The killer bee misses you.
The killer bee stings you but does no damage. x2
The killer bee attacks as you move away!
The killer bee closely misses you.
You feel sick. The killer bee stings you.
* * * LOW HITPOINT WARNING * * *
The killer bee stings you but does no damage.
The killer bee stings you!
* * * LOW HITPOINT WARNING * * *
There is an open door here.
The killer bee attacks as you move away!
The killer bee stings you.
* * * LOW HITPOINT WARNING * * *
You are lethally poisoned!
The killer bee poisons you!
An ogre comes into view. It is wielding a +0 giant club.
Your surroundings suddenly seem different.
Found a lumpy golden amulet and 5 stones.
* * * LOW HITPOINT WARNING * * *
You feel very sick.
The ogre moves out of view.
It was a potion of mutation.
You feel extremely strange.
Your body twists and deforms.
You feel clumsy.
You feel resistant to heat.
* * * LOW HITPOINT WARNING * * *
You feel very sick.
It was a potion of flight.
You feel very buoyant.
You fly up into the air.
* * * LOW HITPOINT WARNING * * *
You feel very sick.
It was a potion of magic.
Magic courses through your body.
You die...

# #.. #.#
#.##..##.##
############
...........
...........#
...........
...........+
...........
..########.#
...........
..#........#
#####+##'##
..#.#####..#
......yyyy
..#.#".@#..#
.......yyy
..#.###.#..#
........yY
..#.###.#.(#
..........
..#.....#..#
..........
..#######..#
.........y
...........#
..........
...........#
..$......
############
.


There were no monsters in sight!

Vanquished Creatures
  Joseph (D:7)
  A troll (D:7)
  Prince Ribbit (D:5)
  A shadow (D:7)
  Edmund (D:4)
  Duvessa (D:6)
  2 water moccasins (D:5)
  3 ice beasts
  4 ogres
  A scorpion (D:5)
  2 bullfrogs
  2 necrophages
  Dowan (D:6)
  5 killer bees
  2 howler monkeys (D:5)
  4 hounds
  A jelly (D:5)
  2 gnoll boudas
  An orc priest (D:5)
  7 iguanas
  5 orc wizards
  8 gnolls
  7 adders
  An ufetubus (D:7)
  2 worms
  2 dart slugs
  21 orcs
  7 ball pythons
  4 bats
  5 endoplasms
  A giant cockroach (D:2)
  11 hobgoblins
  6 jackals (D:4)
  11 kobolds
  6 quokkas
  2 frilled lizards
  9 goblins
  2 rats
153 creatures vanquished.

Vanquished Creatures (others)
  31 plants (D:3)
31 creatures vanquished.

Grand Total: 184 creatures vanquished

Notes
Turn   | Place    | Note
-------+----------+-------------------------------------------
     0 | D:5      | xian the Troll Delver began the quest for the Orb.
     0 | D:5      | Reached XP level 1. HP: 22/22 MP: 0/0
    68 | D:5      | Noticed an orc wizard
   136 | D:5      | Noticed a water moccasin
   156 | D:4      | Noticed an iguana
   241 | D:4      | Reached XP level 2. HP: 16/29 MP: 1/1
   455 | D:4      | Found a staircase to the Ecumenical Temple.
   527 | D:3      | Reached skill level 2 in Maces & Flails
   527 | D:3      | Reached XP level 3. HP: 29/36 MP: 2/2
  1505 | D:1      | Reached XP level 4. HP: 44/44 MP: 3/3
  2389 | D:3      | Identified the +3 chain mail of Skepticism {-Cast Dex+4
                  | Stlth+}
  2631 | D:3      | Reached skill level 3 in Maces & Flails
  2631 | D:3      | Reached XP level 5. HP: 52/52 MP: 4/4
  3196 | D:4      | Noticed an ogre
  3204 | D:4      | Killed an ogre
  3205 | D:4      | Reached XP level 6. HP: 49/61 MP: 3/5
  3480 | Temple   | Entered the Ecumenical Temple
  3492 | Temple   | Became a worshipper of Warmaster Okawaru
  3550 | D:4      | Reached skill level 4 in Maces & Flails
  3660 | D:4      | Noticed Edmund
  3675 | D:4      | Killed Edmund
  3676 | D:4      | Reached skill level 1 in Throwing
  3679 | D:4      | Reached XP level 7. HP: 36/67 MP: 2/6
  3973 | D:5      | Reached * piety under Okawaru
  4024 | D:5      | Reached skill level 5 in Maces & Flails
  4102 | D:5      | Noticed Prince Ribbit
  4117 | D:5      | Killed Prince Ribbit
  4117 | D:5      | Reached ** piety under Okawaru
  4118 | D:5      | Reached skill level 6 in Maces & Flails
  4118 | D:5      | Reached XP level 8. HP: 40/78 MP: 3/7
  4971 | D:6      | Noticed Duvessa
  4986 | D:6      | Killed Duvessa
  4987 | D:6      | Reached skill level 7 in Maces & Flails
  4996 | D:6      | Found a hazy altar of Hepliaklqana.
  5132 | D:6      | Reached *** piety under Okawaru
  5157 | D:6      | Reached XP level 9. HP: 85/85 MP: 8/8
  5170 | D:6      | Reached skill level 5 in Dodging
  5215 | D:6      | Found a burning altar of Makhleb.
  5227 | D:6      | Found a sacrificial altar of Ru.
  5239 | D:6      | Noticed Dowan
  5260 | D:6      | Killed Dowan
  5373 | D:6      | Found a stormy altar of Qazlal.
  5373 | D:6      | Found a glowing silver altar of Zin.
  5449 | D:6      | Found Jywug's Antique Armour Emporium.
  5457 | D:6      | Bought a fading cloak for 285 gold pieces
  5457 | D:6      | Identified the +2 cloak "Ugudghun" {rC+} (You bought it in
                  | a shop on level 6 of the Dungeon)
  5579 | D:7      | Noticed a troll
  5677 | D:7      | Killed a troll
  5748 | D:7      | Reached skill level 5 in Fighting
  5836 | D:7      | Noticed Joseph
  5850 | D:7      | Killed Joseph
  5851 | D:7      | Reached skill level 8 in Maces & Flails
  5859 | D:7      | Reached **** piety under Okawaru
  6101 | D:7      | Found Oskemob's Magic Scroll Shop.
  6105 | D:7      | Bought a scroll of identify for 32 gold pieces
  6179 | D:7      | Found an opulent altar of Gozag.
  6348 | D:8      | You fall into a shaft and drop 2 floors!
  6348 | D:10     | Entered Level 10 of the Dungeon
  6400 | D:10     | Gained mutation: Armour fits poorly on your strangely
                  | shaped body. [potion of mutation]
  6400 | D:10     | Gained mutation: You are clumsy. (Dex -2) [potion of
                  | mutation]
  6400 | D:10     | Gained mutation: Your flesh is heat resistant. (rF+)
                  | [potion of mutation]
  6400 | D:10     | HP: 3/88 [poisoned by a killer bee]
  6401 | D:10     | HP: 1/88 [poisoned by a killer bee]
  6402 | D:10     | Succumbed to a killer bee's poison

Illustrated notes

Levels and vault maps discovered:
D:1:      dpeg_arrival_morbid_curiosity, layout_loops_ring
D:2:      minmay_angry_zag, layout_basic
D:3:      cheibrodos_old_hovel, layout_loops_ring, serial_bayou,
          serial_bayou_crossing, serial_bayou_pond_b, serial_bayou_pond_b,
          serial_bayou_lagoon_b
D:4:      layout_gridville, minmay_temple_entry_waves, grunt_ministairs_11,
          uniq_edmund
D:5:      layout_loops_ring, serial_bayou_pond_d, st_stairs_5,
          uniq_prince_ribbit1
D:6:      layout_rooms, mainiacjoe_overflow_alcove_1,
          nicolae_overflow_crystal_walls, nicolae_ru_sacrificial_ziggurat,
          gammafunk_temple_overflow_wave, serial_shops,
          nicolae_shop_behind_doors, uniq_duvessa
D:7:      layout_basic, old_standard_altar, serial_shops,
          nicolae_shop_statue_plus, bh_walls_and_bars, uniq_joseph
D:8:      minmay_the_grid_four_pointed_star [minmay_the_grid_triangle_9x9_sprig,
          minmay_the_grid_triangle_9x9_limited_checkers,
          minmay_the_grid_triangle_9x9_shrine,
          minmay_the_grid_triangle_9x9_warning,
          minmay_the_grid_prize_trominoes], layout_cave_pools,
          minmay_lair_entry_grove
D:10:     layout_gridville, kennysheep_small_spiral, nrook_campfire, uniq_lodul
Temple:   compressed_dpeg_triangle_lava_temple

Skill      XL: |  1  2  3  4  5  6  7  8  9 |
---------------+----------------------------+-----
Stealth        | 3 |  3.7
Maces & Flails | 2 3 4 6 7 8 |  8.3
Dodging        | 2 3 4 5 |  5.7
Fighting       | 3 4 5 |  5.4
Throwing       | 1 2 3 |  3.7
Invocations    | |  0.7

Action                   |  1- 3 |  4- 6 |  7- 9 || total
-------------------------+-------+-------+-------++-------
Melee: Mace              |   111 |   158 |       ||   269
       Punch             |     1 |     2 |     4 ||     7
       Flail             |       |    66 |   258 ||   324
Throw: Stone             |       |    31 |       ||    31
       Dart              |       |     9 |    25 ||    34
       Boomerang         |       |       |     9 ||     9
Invok: Heroism           |       |       |     5 ||     5
  Use: Scroll            |     2 |       |     7 ||     9
       Potion            |       |     3 |     4 ||     7
 Stab: Sleeping          |     5 |     3 |     2 ||    10
Armor: Robe              |    69 |   123 |   147 ||   339
Dodge: Dodged            |    76 |   130 |   229 ||   435
